 Dungeon Crawl Stone Soup version 0.16-a0-3472-g5ce0ac0 (webtiles) character file.

161 PolkaDot the Insei (level 5, 0/70 HPs)
             Began as a Draconian Monk on Jan 3, 2015.
             Killed from afar by Ijyb (6 damage)
             ... with a wand of lightning
             ... on level 5 of the Dungeon.
             The game lasted 00:07:05 (2373 turns).

PolkaDot the Insei (Draconian Monk)                 Turns: 2373, Time: 00:07:05

Health: 0/70       AC: 24    Str: 13    XL:     5   Next: 19%
Magic:  5/5        EV:  2    Int: 10    God:
Gold:   100        SH:  0    Dex: 15    Spells: 0 memorised, 4 levels left

rFire  . . .     SeeInvis .       - Unarmed
rCold  . . .     Clarity  .     (armour unavailable)
rNeg   + + +     SustAb   .     (no shield)
rPois  +         Gourm    .     (helmet currently unavailable)
rElec  .         Spirit   .     c - melded +0 cloak
rCorr  +         Warding  .     (gloves currently unavailable)
rMut   .         NoTele   +     (boots currently unavailable)
MR     .....                    h - amulet of resist corrosion
Stlth  ++........               k - +3 ring of evasion
                                m - +2 ring of protection

@: tree-form, very slightly contaminated, hasted, very quick, not resistant to
hostile enchantments, unstealthy
A: unfitting armour, (cold-blooded), AC +5
a: no special abilities


You were on level 5 of the Dungeon.
You were hungry.
You were a tree.
You visited 1 branch of the dungeon, and saw 5 of its levels.

You collected 100 gold pieces.

Inventory:

Missiles
 a - 2 throwing nets (quivered)
Armour
 c - a +0 cloak (melded)
Jewellery
 h - an amulet of resist corrosion (around neck)
 k - a +3 ring of evasion (right branch)
 m - a +2 ring of protection (left branch)
Scrolls
 d - a scroll of identify
 e - 2 scrolls of remove curse
Potions
 g - a potion of lignification
Books
 j - a book of the Earth

   Spells                             Type                      Level
   a - Leda's Liquefaction            Hexes/Earth                  4
   b - Bolt of Magma                  Conjuration/Fire/Earth       5
   c - Statue Form                    Transmutation/Earth          6
   d - Iron Shot                      Conjuration/Earth            6
   e - Shatter                        Earth                        9
Comestibles
 b - 3 bread rations
 f - 2 meat rations
 l - a slice of pizza


   Skills:
 + Level 4.3 Fighting
 + Level 3.5 Dodging
 - Level 1.7 Stealth
 * Level 5.3 Unarmed Combat


You had 4 spell levels left.
You didn't know any spells.

Dungeon Overview and Level Annotations

Branches:
Dungeon (5/15)
 Temple: D:4-7

Altars:
Ashenzari

Shops:
D:4 *

Annotations:
D:5 Ijyb


Innate Abilities, Weirdness & Mutations

((Your plain brown scales are hard (AC +5).))
Your body does not fit into most forms of armour.
((Your cold-blooded metabolism reacts poorly to cold.))


Message History

It is a wand of lightning.
You are too injured to fight recklessly!
Ijyb completely misses you.
Drink which item? (? for menu, Esc to quit)
You turn into a tree.
Your +0 cloak melds into your body.
Your roots penetrate the ground.
Ijyb zaps a wand.
The bolt of lightning hits you!
* * * LOW HITPOINT WARNING * * *
Drink which item? (? for menu, Esc to quit)
You feel yourself speed up. Ijyb hits you but does no damage.
You are very lightly contaminated with residual magic.
You hit Ijyb.
Ijyb is lightly wounded.
Ijyb barely misses you.
You smack Ijyb!
Ijyb is severely wounded.
You smack Ijyb!
Ijyb is almost dead.
Ijyb zaps a wand.
The bolt of lightning hits you!
You die...

... .......# ........
#........ ###.......
#......... #........#
#.......g# #.......♣#
#........#
########..(....(#####$#.
#.......................
##.#####.......######...
#.# #.......# #.#
#.......# #.# ####....#
#.# #....#


You could see Ijyb.

Vanquished Creatures
  A hound (D:4)
  An orc wizard (D:4)
  5 adders
  A giant mite (D:4)
  A worm (D:2)
  2 giant geckos (D:4)
  3 oozes
  6 orcs
  A bat skeleton (D:4)
  A hobgoblin (D:2)
  7 bats
  4 giant cockroaches
  2 giant newts (D:1)
  2 goblins
  3 kobolds
  4 rats
44 creatures vanquished.

Notes
Turn   | Place    | Note
--------------------------------------------------------------
     0 | D:1      | PolkaDot, the Draconian Monk, began the quest for the Orb.
     0 | D:1      | Reached XP level 1. HP: 19/19 MP: 1/1
   211 | D:1      | Reached XP level 2. HP: 24/26 MP: 2/2
   464 | D:1      | You fall through a shaft!
   464 | D:2      | Found a shattered altar of Ashenzari.
   672 | D:2      | Reached XP level 3. HP: 22/33 MP: 3/3
  1084 | D:3      | Reached XP level 4. HP: 37/40 MP: 4/4
  1442 | D:4      | Noticed a phantom
  1467 | D:4      | Found Ywaah's General Store.
  1469 | D:4      | Reached skill level 5 in Unarmed Combat
  1584 | D:4      | Reached XP level 5. HP: 24/47 MP: 5/5
  1862 | D:4      | Noticed a phantom
  2266 | D:5      | Entered Level 5 of the Dungeon
  2364 | D:5      | Noticed Ijyb
  2373 | D:5      | Killed from afar by Ijyb

Action                   |  1- 3 |  4- 6 || total
-------------------------+-------+-------++-------
Melee: Unarmed           |    87 |   119 ||   206
  Use: Potion            |     1 |     4 ||     5
       Scroll            |       |     8 ||     8
 Stab: Sleeping          |     4 |     1 ||     5
  Eat: Chunk             |     1 |     3 ||     4
